NYP
TRI-CITY DUST DEVILS @ BOISE HAWKS
08/22/2047
 
TOP OF THE 1ST
Tri-City Dust Devils batting - Pitching for Boise Hawks : LHP Jason Peck
Pitching: LHP Jason Peck
Batting: RHB Adrian Cook 0-0: SINGLE (Flyball, 4MD, EV 97.5 MPH)
Batting: LHB Erik Beezley 0-0: Ball
Adrian Cook steals 2nd, throwing error, E2
Adrian Cook to third
1-0: Ball
2-0: Ball
3-0: Called Strike
3-1: Foul Ball, location: 2F
3-2: Fly out, F8 (Flyball, 8RS, EV 98.8 MPH)
Batting: RHB Mike MacLeod 0-0: Called Strike
0-1: Ball
1-1: Ball
2-1: Ball
3-1: Base on Balls
Batting: RHB Max Stillo 0-0: Ball
1-0: Foul Ball, location: 2F
1-1: Called Strike
1-2: Ball
2-2: DOUBLE (Flyball, 9LD, EV 93.1 MPH)
Adrian Cook scores
Mike MacLeod to third
Batting: LHB Javy Portela 0-0: Called Strike
0-1: Called Strike
0-2: Ball
1-2: Ball
Wild Pitch!
Mike MacLeod scores
Max Stillo to third
2-2: Strikes out looking
Batting: RHB Ricardo Ortiz 0-0: Ball
1-0: Foul Ball, location: 2F
1-1: Ball
2-1: Ball
3-1: Foul Ball, location: 2F
3-2: Ground out 4-3 (Groundball, 4, EV 84.4 MPH)
Top of the 1st over - 2 runs, 2 hits, 1 error, 1 left on base; Tri-City 2 - Boise 0
BOTTOM OF THE 1ST
Boise Hawks batting - Pitching for Tri-City Dust Devils : LHP Juan Perez
Pitching: LHP Juan Perez
Batting: RHB Kevin McKasson 0-0: SINGLE (Groundball, 56S, EV 72.5 MPH) (infield hit)
Batting: RHB Steve Blackshear 0-0: Foul Ball, location: 2F
0-1: Ball
1-1: Ball
2-1: Swinging Strike
2-2: Ball
Passed Ball!
Kevin McKasson to second
3-2: Base on Balls
Batting: LHB Paul McClintock 0-0: Fly out, F8 (Line Drive, 78D, EV 91.2 MPH)
Batting: RHB Omar Arroyo 0-0: Ball
1-0: Ball
2-0: Foul Ball, location: 2F
2-1: Swinging Strike
2-2: Strikes out swinging
Batting: RHB Larry Hardman 0-0: Ball
1-0: Ball
2-0: Swinging Strike
2-1: Ball
3-1: Foul Ball, location: 2F
3-2: Foul Ball, location: 2F
3-2: Foul Ball, location: 2F
3-2: Foul Ball, location: 2F
3-2: Base on Balls
Kevin McKasson to third
Steve Blackshear to second
Batting: RHB Chris Kinder 0-0: Ball
1-0: Ball
2-0: Ball
3-0: Base on Balls
Kevin McKasson scores
Steve Blackshear to third
Larry Hardman to second
Batting: LHB Fernando Amaya 0-0: SINGLE (Line Drive, 9S, EV 97.5 MPH)
Steve Blackshear scores
Larry Hardman to third
Chris Kinder to second
Runner from 3rd tries for Home, SAFE, throw by RF to home
Batting: RHB Mike Shook 0-0: Ball
1-0: SINGLE (Groundball, 34D, EV 107.5 MPH)
Chris Kinder to third
Fernando Amaya to second
Batting: LHB Jon Burgos 0-0: Called Strike
0-1: Reached on error, E2 (Groundball, 13S, EV 68.1 MPH)
Chris Kinder scores
Fernando Amaya scores
Mike Shook to third
Batting: RHB Kevin McKasson 0-0: Ball
1-0: Foul Ball, location: 2F
1-1: SINGLE (Flyball, 8RS, EV 91.9 MPH)
Mike Shook scores
Jon Burgos to third
Throwing error, E8
Jon Burgos scores
Kevin McKasson to second
Pitching: RHP Josh Thorne
Batting: RHB Steve Blackshear 0-0: Called Strike
0-1: Foul Ball, location: 2F
0-2: Foul Ball, location: 2F
0-2: Foul Ball, location: 2F
0-2: TRIPLE (Line Drive, 78D, EV 96.9 MPH)
Kevin McKasson scores
Batting: LHB Paul McClintock 0-0: Called Strike
0-1: Ball
1-1: Foul Ball, location: 2F
1-2: Strikes out swinging
Bottom of the 1st over - 8 runs, 5 hits, 2 errors, 1 left on base; Tri-City 2 - Boise 8
TOP OF THE 2ND
Tri-City Dust Devils batting - Pitching for Boise Hawks : LHP Jason Peck
Batting: LHB David McNair 0-0: Ball
1-0: Swinging Strike
1-1: Foul Ball, location: 2F
1-2: Foul Ball, location: 2F
1-2: Fly out, F7 (Flyball, 7, EV 90.0 MPH)
Batting: RHB Frank Elizondo 0-0: Ball
1-0: Called Strike
1-1: Ball
2-1: Ball
3-1: Called Strike
3-2: Base on Balls
Batting: RHB Danny Guevara 0-0: Ball
1-0: Swinging Strike
1-1: Swinging Strike
1-2: SINGLE (Groundball, 6MS, EV 66.2 MPH) (infield hit)
Frank Elizondo to second
Batting: RHB Adrian Cook 0-0: Ball
1-0: Ball
2-0: Called Strike
2-1: Ball
3-1: Base on Balls
Frank Elizondo to third
Danny Guevara to second
Batting: LHB Erik Beezley 0-0: Ball
1-0: Ball
2-0: Ball
3-0: Base on Balls
Frank Elizondo scores
Danny Guevara to third
Adrian Cook to second
Batting: RHB Mike MacLeod 0-0: Called Strike
0-1: Called Strike
0-2: Foul Ball, location: 2F
0-2: Ball
1-2: Foul Ball, location: 2F
1-2: Strikes out swinging
Batting: RHB Max Stillo 0-0: Foul Ball, location: 2F
0-1: Ground out 3-1 (Groundball, 13, EV 85.6 MPH)
Top of the 2nd over - 1 run, 1 hit, 0 errors, 3 left on base; Tri-City 3 - Boise 8
BOTTOM OF THE 2ND
Boise Hawks batting - Pitching for Tri-City Dust Devils : RHP Josh Thorne
Batting: RHB Omar Arroyo 0-0: Called Strike
0-1: Fly out, F4 (Popup, 4MD, EV 49.4 MPH)
Batting: RHB Larry Hardman 0-0: Called Strike
0-1: Foul Ball, location: 2F
0-2: Ground out 6-3 (Groundball, 6, EV 79.4 MPH)
Batting: RHB Chris Kinder 0-0: Called Strike
0-1: Ball
1-1: Foul Ball, location: 2F
1-2: Ball
2-2: Fly out, F7 (Flyball, 7, EV 80.6 MPH)
Bottom of the 2nd over - 0 runs, 0 hits, 0 errors, 0 left on base; Tri-City 3 - Boise 8
TOP OF THE 3RD
Tri-City Dust Devils batting - Pitching for Boise Hawks : LHP Jason Peck
Batting: LHB Javy Portela 0-0: Swinging Strike
0-1: Swinging Strike
0-2: Foul Ball, location: 2F
0-2: Foul Ball, location: 2F
0-2: Strikes out swinging
Batting: RHB Ricardo Ortiz 0-0: Called Strike
0-1: Swinging Strike
0-2: Foul Ball, location: 2F
0-2: Foul Ball, location: 2F
0-2: Foul Ball, location: 2F
0-2: Ground out 2-3 (Groundball, 13S, EV 76.2 MPH)
Batting: LHB David McNair 0-0: Called Strike
0-1: Called Strike
0-2: Ball
1-2: Fly out, F8 (Flyball, 8LM, EV 85.6 MPH)
Top of the 3rd over - 0 runs, 0 hits, 0 errors, 0 left on base; Tri-City 3 - Boise 8
BOTTOM OF THE 3RD
Boise Hawks batting - Pitching for Tri-City Dust Devils : RHP Josh Thorne
Batting: LHB Fernando Amaya 0-0: Fly out, F8 (Flyball, 8RM, EV 88.8 MPH)
Batting: RHB Mike Shook 0-0: Ball
1-0: Swinging Strike
1-1: Ground out 6-3 (Groundball, 6, EV 101.9 MPH)
Batting: LHB Jon Burgos 0-0: Called Strike
0-1: Ground out U3 (Groundball, 3L, EV 103.1 MPH)
Bottom of the 3rd over - 0 runs, 0 hits, 0 errors, 0 left on base; Tri-City 3 - Boise 8
TOP OF THE 4TH
Tri-City Dust Devils batting - Pitching for Boise Hawks : LHP Jason Peck
Pitching: RHP Manny Lebron
Batting: RHB Frank Elizondo 0-0: Called Strike
0-1: Swinging Strike
0-2: Foul Ball, location: 2F
0-2: Ball
1-2: Strikes out swinging
Batting: RHB Danny Guevara 0-0: Ball
1-0: Swinging Strike
1-1: Ball
2-1: Ground out 1-3 (Groundball, 15S, EV 66.9 MPH)
Batting: RHB Adrian Cook 0-0: Ball
1-0: Ball
2-0: Ball
3-0: Called Strike
3-1: Ground out 5-3 (Groundball, 56, EV 91.2 MPH)
Top of the 4th over - 0 runs, 0 hits, 0 errors, 0 left on base; Tri-City 3 - Boise 8
BOTTOM OF THE 4TH
Boise Hawks batting - Pitching for Tri-City Dust Devils : RHP Josh Thorne
Batting: RHB Kevin McKasson 0-0: Called Strike
0-1: Foul Ball, location: 2F
0-2: Strikes out swinging
Batting: RHB Steve Blackshear 0-0: Ball
1-0: Swinging Strike
1-1: Called Strike
1-2: Foul Ball, location: 2F
1-2: Strikes out swinging
Batting: LHB Paul McClintock 0-0: Ball
1-0: Ball
2-0: Ball
3-0: Ground out 6-3 (Groundball, 6D, EV 86.2 MPH)
Bottom of the 4th over - 0 runs, 0 hits, 0 errors, 0 left on base; Tri-City 3 - Boise 8
TOP OF THE 5TH
Tri-City Dust Devils batting - Pitching for Boise Hawks : RHP Manny Lebron
Batting: LHB Erik Beezley 0-0: Ball
1-0: Swinging Strike
1-1: SINGLE (Line Drive, 8RS, EV 101.9 MPH)
Batting: RHB Mike MacLeod 0-0: Foul Ball, location: 2F
0-1: Called Strike
0-2: Strikes out swinging
Batting: RHB Max Stillo 0-0: Called Strike
0-1: Fielders Choice at 2nd, 1-4 (Groundball, 15S, EV 66.9 MPH)
Batting: LHB Javy Portela 0-0: Ball
1-0: Ball
2-0: Swinging Strike
2-1: Foul Ball, location: 2F
2-2: Ball
Max Stillo steals 2nd, throwing error, E2
Max Stillo to third
3-2: Base on Balls
Batting: RHB Ricardo Ortiz 0-0: Foul Ball, location: 2F
0-1: Called Strike
0-2: Fly out, F9 (Line Drive, 9, EV 86.2 MPH)
Top of the 5th over - 0 runs, 1 hit, 1 error, 2 left on base; Tri-City 3 - Boise 8
BOTTOM OF THE 5TH
Boise Hawks batting - Pitching for Tri-City Dust Devils : RHP Josh Thorne
Batting: RHB Omar Arroyo 0-0: Ball
1-0: Ball
2-0: Ball
3-0: Foul Ball, location: 2F
3-1: Ground out 4-3 (Groundball, 4, EV 81.2 MPH)
Batting: RHB Larry Hardman 0-0: SINGLE (Groundball, 6MD, EV 106.9 MPH)
Batting: RHB Chris Kinder 0-0: Called Strike
0-1: Called Strike
0-2: Ball
1-2: Ball
Larry Hardman is caught stealing 2nd base 2-4
2-2: Ground out 4-3 (Groundball, 4, EV 106.2 MPH)
Bottom of the 5th over - 0 runs, 1 hit, 0 errors, 0 left on base; Tri-City 3 - Boise 8
TOP OF THE 6TH
Tri-City Dust Devils batting - Pitching for Boise Hawks : RHP Manny Lebron
Batting: LHB David McNair 0-0: Called Strike
0-1: Ball
1-1: Ball
2-1: Called Strike
2-2: SINGLE (Line Drive, 4MD, EV 95.6 MPH)
Batting: RHB Frank Elizondo 0-0: Foul Ball, location: 2F
0-1: Ball
1-1: Ball
2-1: Foul Ball, location: 2F
2-2: Strikes out swinging
Batting: RHB Danny Guevara 0-0: Ball
Passed Ball!
David McNair to second
1-0: Ground out 6-3 (Groundball, 56, EV 91.9 MPH)
Batting: RHB Adrian Cook 0-0: Foul Ball, location: 2F
0-1: Ground out 6-3 (Groundball, 6, EV 90.6 MPH)
Top of the 6th over - 0 runs, 1 hit, 0 errors, 1 left on base; Tri-City 3 - Boise 8
BOTTOM OF THE 6TH
Boise Hawks batting - Pitching for Tri-City Dust Devils : RHP Josh Thorne
Batting: LHB Fernando Amaya 0-0: Called Strike
0-1: Ball
1-1: Ground out 5-3 (Groundball, 56S, EV 78.1 MPH)
Batting: RHB Mike Shook 0-0: Ball
1-0: Ball
2-0: Ball
3-0: Called Strike
3-1: DOUBLE (Flyball, 8LXD, EV 103.8 MPH)
Pitching: LHP Mike Stewart
Batting: LHB Jon Burgos 0-0: Swinging Strike
0-1: Swinging Strike
0-2: Ground out 4-3 (Groundball, 4, EV 85.6 MPH)
Mike Shook to third
Batting: RHB Kevin McKasson 0-0: Foul Ball, location: 2F
0-1: Ball
1-1: Called Strike
1-2: Strikes out swinging
Bottom of the 6th over - 0 runs, 1 hit, 0 errors, 1 left on base; Tri-City 3 - Boise 8
TOP OF THE 7TH
Tri-City Dust Devils batting - Pitching for Boise Hawks : RHP Manny Lebron
Batting: LHB Erik Beezley 0-0: Ground out 4-3 (Groundball, 34, EV 102.5 MPH)
Batting: RHB Mike MacLeod 0-0: Ball
1-0: Called Strike
1-1: Foul Ball, location: 2F
1-2: Foul Ball, location: 2F
1-2: Ball
2-2: Ball
3-2: Base on Balls
Batting: RHB Max Stillo 0-0: Called Strike
0-1: Ball
1-1: Foul Ball, location: 2F
1-2: Strikes out swinging
Pitching: RHP Gorgonio Sigua
Batting: LHB Javy Portela 0-0: Ball
1-0: Foul Ball, location: 2F
1-1: Ball
2-1: 2-RUN HOME RUN (Flyball, 89XD, EV 109.4 MPH) (Inside the Park)
Batting: RHB Ricardo Ortiz 0-0: Ball
1-0: Called Strike
1-1: Ground out 4-3 (Groundball, 4M, EV 103.8 MPH)
Top of the 7th over - 2 runs, 1 hit, 0 errors, 0 left on base; Tri-City 5 - Boise 8
BOTTOM OF THE 7TH
Boise Hawks batting - Pitching for Tri-City Dust Devils : LHP Mike Stewart
Batting: RHB Steve Blackshear 0-0: Ball
1-0: Swinging Strike
1-1: Ball
2-1: Ball
3-1: Foul Ball, location: 2F
3-2: Foul Ball, location: 2F
3-2: Foul Ball, location: 2F
3-2: Strikes out swinging
Batting: LHB Paul McClintock 0-0: Ball
1-0: Ball
2-0: Called Strike
2-1: Swinging Strike
2-2: Strikes out looking
Batting: RHB Omar Arroyo 0-0: Called Strike
0-1: Ball
1-1: Foul Ball, location: 2F
1-2: Foul Ball, location: 2F
1-2: Ball
2-2: Ball
3-2: Base on Balls
Pitching: RHP Tony Black
Batting: RHB Larry Hardman 0-0: Ball
1-0: Ball
2-0: Ball
3-0: Base on Balls
Omar Arroyo to second
Batting: RHB Chris Kinder 0-0: Ball
1-0: Ball
2-0: Called Strike
2-1: Foul Ball, location: 2F
2-2: Foul Ball, location: 2F
2-2: Strikes out looking
Bottom of the 7th over - 0 runs, 0 hits, 0 errors, 2 left on base; Tri-City 5 - Boise 8
TOP OF THE 8TH
Tri-City Dust Devils batting - Pitching for Boise Hawks : RHP Gorgonio Sigua
Batting: LHB David McNair 0-0: Called Strike
0-1: Swinging Strike
0-2: Ball
1-2: Foul Ball, location: 2F
1-2: Ball
2-2: Foul Ball, location: 2F
2-2: Foul Ball, location: 2F
2-2: Reached on error, E6 (Line Drive, 6, EV 73.1 MPH)
Batting: RHB Frank Elizondo 0-0: Ball
1-0: Swinging Strike
1-1: Foul Ball, location: 2F
1-2: Ball
2-2: Fly out, F8 (Line Drive, 8RM, EV 102.5 MPH)
Batting: RHB Danny Guevara 0-0: Called Strike
0-1: Fielders Choice at 2nd, 4-6 (Groundball, 34, EV 80.0 MPH)
Batting: RHB Adrian Cook 0-0: Foul Ball, location: 2F
0-1: Foul Ball, location: 2F
0-2: Reached on error, E4 (Groundball, 4, EV 87.5 MPH)
Danny Guevara to second
Batting: LHB Erik Beezley 0-0: Ball
1-0: Ball
Passed Ball!
Danny Guevara to third
Adrian Cook to second
2-0: Called Strike
2-1: Fly out, F8 (Flyball, 89M, EV 85.6 MPH)
Top of the 8th over - 0 runs, 0 hits, 2 errors, 2 left on base; Tri-City 5 - Boise 8
BOTTOM OF THE 8TH
Boise Hawks batting - Pitching for Tri-City Dust Devils : RHP Tony Black
Batting: LHB Fernando Amaya 0-0: Ball
1-0: Swinging Strike
1-1: Ball
2-1: Ball
3-1: Called Strike
3-2: Base on Balls
Batting: RHB Mike Shook 0-0: Ball
1-0: Called Strike
1-1: Ball
2-1: Foul Ball, location: 2F
2-2: Ball
3-2: Base on Balls
Fernando Amaya to second
Batting: LHB Jon Burgos 0-0: Ball
1-0: Foul Ball, location: 2F
1-1: Ball
2-1: Swinging Strike
2-2: Ball
3-2: Strikes out looking
Batting: RHB Kevin McKasson 0-0: Fielders Choice at 2nd, 3-6 (Groundball, 34, EV 107.5 MPH)
Fernando Amaya to third
Batting: RHB Steve Blackshear 0-0: Foul Ball, location: 2F
0-1: Ball
1-1: Ball
2-1: Foul Ball, location: 2F
2-2: Foul Ball, location: 2F
2-2: Foul Ball, location: 2F
2-2: Ball
3-2: Base on Balls
Kevin McKasson to second
Batting: LHB Paul McClintock 0-0: Ball
1-0: Foul Ball, location: 2F
1-1: Foul Ball, location: 2F
1-2: Fly out, F7 (Line Drive, 7, EV 98.8 MPH)
Bottom of the 8th over - 0 runs, 0 hits, 0 errors, 3 left on base; Tri-City 5 - Boise 8
TOP OF THE 9TH
Tri-City Dust Devils batting - Pitching for Boise Hawks : RHP Gorgonio Sigua
Pitching: RHP Befikadu Mthuthuzeli
Batting: RHB Mike MacLeod 0-0: Ball
1-0: Ball
2-0: Called Strike
2-1: Ball
3-1: Foul Ball, location: 2F
3-2: Strikes out swinging
Pinch Hitting: LHB Ruben Rocha 0-0: Called Strike
0-1: Swinging Strike
0-2: SOLO HOME RUN (Flyball, 9LD, EV 90.6 MPH), Distance : 325 ft
Batting: LHB Javy Portela 0-0: Swinging Strike
0-1: Called Strike
0-2: Ball
1-2: Ball
2-2: Foul Ball, location: 2F
2-2: SOLO HOME RUN (Line Drive, 9LD, EV 93.8 MPH), Distance : 340 ft
Pinch Hitting: LHB Tony Contreras 0-0: Called Strike
0-1: Foul Ball, location: 2F
0-2: Ball
1-2: Strikes out swinging
Batting: LHB David McNair 0-0: Called Strike
0-1: Swinging Strike
0-2: Ball
1-2: Ball
2-2: Ball
3-2: Strikes out looking
Top of the 9th over - 2 runs, 2 hits, 0 errors, 0 left on base; Tri-City 7 - Boise 8
Thursday, December 15th , 2022 - OOTP Baseball 23.9 Build 102